 Dungeon Crawl Stone Soup version 0.28.0-47-ge53b351184 (webtiles) character file.

Game seed: 6122083576219624860

16 GigaChad the Ruffian (level 2, -1/23 HPs)
             Began as a Draconian Transmuter on Apr 26, 2022.
             Frozen to death by an endoplasm (3 damage)
             ... on level 1 of the Dungeon.
             The game lasted 00:01:37 (1202 turns).

GigaChad the Ruffian (Draconian Transmuter)         Turns: 1202, Time: 00:01:37

Health: -1/23      AC:  4    Str: 12    XL:     2   Next: 41%
Magic:  5/5        EV: 12    Int: 13    God:
Gold:   22         SH:  0    Dex: 11    Spells: 4/5 levels left

rFire   . . .      SeeInvis .   a - +0 short sword
rCold   . . .      Faith    .   (no shield)
rNeg    . . .      Spirit   .   (armour unavailable)
rPois   .          Reflect  .   (helmet restricted)
rElec   .          Harm     .   (no cloak)
rCorr   .          Rampage  .   (no gloves)
Will    .....                   (no boots)
Stlth   +.........              (no amulet)
HPRegen 0.07/turn               (no ring)
MPRegen 0.09/turn               (no ring)

@: slowed, very slow
A: AC +4, unfitting armour, cold-blooded
a: no special abilities


You were on level 1 of the Dungeon.
You visited 1 branch of the dungeon, and saw 1 of its levels.

You collected 22 gold pieces.

Inventory:

Hand Weapons
 a - a +0 short sword (weapon)
Potions
 b - a potion of brilliance {unknown}


   Skills:
 + Level 1.1 Fighting
 + Level 2.0 Dodging
 + Level 0.4 Stealth
 + Level 3.3 Unarmed Combat
 + Level 2.1 Spellcasting
 + Level 2.1 Transmutations


You had 4 spell levels left.
You knew the following spells:

 Your Spells              Type           Power      Damage    Failure   Level
a - Beastly Appendage     Tmut           12%        N/A       11%         1

Your spell library contained the following spells:

 Spells                   Type           Power      Damage    Failure   Level
 Wereblood                Tmut           6%         N/A       16%         2
 Spider Form              Tmut/Pois      4%         N/A       43%         3
 Ice Form                 Ice/Tmut       4%         N/A       85%         4


Dungeon Overview and Level Annotations

Branches:
Dungeon (1/15)

Altars:


Innate Abilities, Weirdness & Mutations

Your plain brown scales are hard. (AC +4)
You cannot fit into any form of body armour.
You are cold-blooded and may be slowed by cold attacks.


Message History

The goblin shouts!
The endoplasm barely misses you. The frilled lizard bites you.
You closely miss the frilled lizard.
The endoplasm hits you but does no damage.
The frilled lizard bites you but does no damage.
You barely miss the frilled lizard.
Your tail-slap misses the frilled lizard.
The endoplasm hits you but does no damage.
The frilled lizard bites you.
You hit the frilled lizard but do no damage.
You tail-slap the frilled lizard, but do no damage.
The endoplasm freezes you.
You are frozen.
The frilled lizard bites you but does no damage.
The goblin hits you with a +0 club.
You hit the frilled lizard.
The frilled lizard is heavily wounded.
The endoplasm freezes you.
You are frozen.
You feel yourself slow down. The frilled lizard barely misses you.
The goblin closely misses you.
You closely miss the frilled lizard.
The frilled lizard is heavily wounded.
The endoplasm freezes you.
You are frozen.
* * * LOW HITPOINT WARNING * * *
The frilled lizard bites you but does no damage.
The goblin hits you with a +0 club.
* * * LOW HITPOINT WARNING * * *
The endoplasm closely misses you.
The frilled lizard completely misses you.
The goblin misses you.
You barely miss the frilled lizard.
The frilled lizard is heavily wounded.
The endoplasm hits you but does no damage.
The frilled lizard bites you.
* * * LOW HITPOINT WARNING * * *
The goblin closely misses you. The endoplasm freezes you.
You are frozen.
You die...

##...⌠.....(......
##........⌠........
#.................. #
#...⌠..........<...
#.#..................
#.##........⌠........
#..##...⌠(...........
#.g###..........⌠...
#l@.#####..........
#.)#J....###########
#.##........ .. #.
#.....### ## #
#.....# .. #.....# .♣
#.....# #.....#
#.#####


You could see an endoplasm, a goblin and a frilled lizard.

Vanquished Creatures
  A ball python (D:1)
  2 endoplasms (D:1)
  3 jackals (D:1)
  A quokka (D:1)
  5 bats (D:1)
  2 kobolds (D:1)
  A rat (D:1)
15 creatures vanquished.

Notes
Turn   | Place    | Note
-------+----------+-------------------------------------------
     0 | D:1      | GigaChad the Draconian Transmuter began the quest for the
                  | Orb.
     0 | D:1      | Reached XP level 1. HP: 16/16 MP: 3/3
   417 | D:1      | Reached XP level 2. HP: 17/23 MP: 5/5
  1202 | D:1      | Frozen to death by an endoplasm

Illustrated notes

Levels and vault maps discovered:
D:1:      dpeg_arrival_water_temple_mockup, layout_basic, serial_forest,
          infiniplex_forest_zigzag_2, infiniplex_forest_lined_1,
          infiniplex_forest_lined_4_way, infiniplex_forest_zigzag_2,
          infiniplex_forest_zigzag_1, infiniplex_forest_end_1,
          infiniplex_forest_clump_small

Skill      XL: |  1  2 |
---------------+-------+-----
Dodging        | 2 |  2.0
Fighting       | |  1.1
Stealth        | |  0.4
Unarmed Combat | |  3.3
Spellcasting   | |  2.1
Transmutations | |  2.1

Action                   || total
-------------------------++-------
Melee: Unarmed           ||    22
       Short sword       ||    44
       Tailslap          ||     5
       Kick              ||     1
       Headbutt          ||     1
 Cast: Beastly Appendage ||     2
Armor: Skin              ||    45
Dodge: Dodged            ||    87
